 Dungeon Crawl Stone Soup version 0.29.0-4-gdea44cf6ec (webtiles) character file.

Game seed: 11961221360657540947

20 qw the Chopper (level 2, -6/17 HPs)
             Began as a Tengu Warper on Aug 28, 2022.
             Mangled by a gnoll
             ... wielding a +0 flail
              (11 damage)
             ... on level 2 of the Dungeon.
             The game lasted 00:00:06 (1046 turns).

qw the Chopper (Tengu Warper)                       Turns: 1046, Time: 00:00:06

Health: -6/17      AC:  5    Str: 11    XL:     2   Next: 79%
Magic:  6/6        EV: 10    Int: 13    God:
Gold:   52         SH:  5    Dex: 13    Spells: 5/5 levels left

rFire   . . .      SeeInvis .   Y - +0 hand axe
rCold   . . .      Faith    .   (no shield)
rNeg    . . .      Spirit   .   o - +0 ring mail
rPois   .          Reflect  +   (helmet restricted)
rElec   .          Harm     .   (no cloak)
rCorr   .          Rampage  .   (no gloves)
Will    .....                   (boots unavailable)
Stlth   +.........              g - amulet of reflection
HPRegen 0.05/turn               (no ring)
MPRegen 0.10/turn               (no ring)

@: no status effects
A: beak, talons 3
a: no special abilities


You were on level 2 of the Dungeon.
You visited 1 branch of the dungeon, and saw 2 of its levels.

You collected 52 gold pieces.


Innate Abilities, Weirdness & Mutations

You have a beak for a mouth.
You have claws for feet.


   Skills:
 - Level 2.0 Fighting
 + Level 3.6 Axes
 - Level 1.0 Throwing
 - Level 1.1 Armour
 - Level 2.1 Dodging
 - Level 2.0 Spellcasting
 - Level 2.4 Translocations


You had 5 spell levels left.
You didn't know any spells.
Your spell library contained the following spells:

 Spells                   Type           Power      Damage    Failure   Level
 Blink                    Tloc           14%        N/A       34%         2
 Gell's Gravitas          Tloc           7%         N/A       56%         3
 Lesser Beckoning         Tloc           7%         N/A       56%         3
 Teleport Other           Tloc           7%         N/A       56%         3
 Manifold Assault         Tloc           7%         N/A       99%         5

Inventory:

Hand Weapons
 l - a +0 club
 Y - a +0 hand axe (weapon)
Armour
 o - a +0 ring mail (worn)
Jewellery
 g - an amulet of reflection (around neck)
Scrolls
 n - a scroll of identify
Potions
 h - 3 potions of curing
 i - a potion of heal wounds {unknown}

Dungeon Overview and Level Annotations

Branches:
Dungeon (2/15)

Altars:

Shops:
D:1 ?


Message History

You see here 2 stones.
There is a stone staircase leading down here.
You climb downwards.
There is a stone staircase leading up here.
Existing waypoints: (2) D:1 Assign waypoint to what number? (0-9, D - delete waypoint) Waypoint 1 assigned to D:2.
You open the door. 3 gnolls come into view.
The gnoll shouts! x3
The gnoll moves out of view.
Found 6 gold pieces.
The gnoll hits you but does no damage.
There is an open door here.
The gnoll barely misses you.
You closely miss the gnoll. You hit the gnoll but do no damage.
The gnoll closely misses you. The gnoll barely misses you.
You hit the gnoll.
The gnoll is moderately wounded.
You hit the gnoll. x2
The gnoll hits you with a +0 club. The gnoll misses you.
The gnoll closely misses you.
You hit the gnoll but do no damage. You claw the gnoll, but do no damage.
The gnoll is moderately wounded.
You closely miss the gnoll. You hit the gnoll but do no damage.
The gnoll hits you but does no damage. The gnoll hits you with a +0 flail.
You block the gnoll's attack.
You closely miss the gnoll.
The gnoll is moderately wounded.
You hit the gnoll. You barely miss the gnoll.
The gnoll hits you with a +0 club. The gnoll hits you with a +0 spear.
You block the gnoll's attack.
You hit the gnoll. You claw the gnoll.
The gnoll is almost dead.
You closely miss the gnoll. You barely miss the gnoll.
The gnoll hits you but does no damage. The gnoll hits you with a +0 spear.
The gnoll hits you with a +0 flail!
Ouch! That really hurt!
You die...

..PPP..PP.##
#.P..P.....
#..PP.P.P.###.
#.PP....P.$..
#.PPP...P....
#..P.PPP..###
#.Pgg.......
#.@g..#
#.####'######.#
#.............#
#.#####.######..
#.# #.#####
#<....# #####.#


You could see 3 gnolls.

Vanquished Creatures
  4 endoplasms (D:1)
  A goblin (D:1)
  2 hobgoblins (D:1)
  3 jackals (D:1)
  A quokka (D:1)
  2 ball pythons (D:1)
  A bat (D:1)
  A frilled lizard (D:1)
  2 kobolds (D:1)
  A rat (D:1)
18 creatures vanquished.

Notes
Turn   | Place    | Note
-------+----------+-------------------------------------------
     0 | D:1      | qw the Tengu Warper began the quest for the Orb.
     0 | D:1      | Reached XP level 1. HP: 12/12 MP: 4/4
     0 | D:1      | 0 ||| qw: Version: 0.1-a-89-g26bdef1
     0 | D:1      | 0 ||| qw: Game counter: 653
     0 | D:1      | 0 ||| qw: Always use a shield: true
     0 | D:1      | 0 ||| qw: God list: Okawaru
     0 | D:1      | 0 ||| qw: Allow faded altars: false
     0 | D:1      | 0 ||| qw: Do Orc after D:15 true
     0 | D:1      | 0 ||| qw: Do second Lair branch before Depths: true
     0 | D:1      | 0 ||| qw: Lair rune preference: random
     0 | D:1      | 0 ||| qw: Plans: Normal
     0 | D:1      | 0 ||| PLANNING D:1-11
    43 | D:1      | Found Tooz's Magic Scroll Emporium.
    62 | D:1      | 62 ||| SHOPLISTING scroll of identify (24 gold, have 8).
    62 | D:1      | 62 ||| SHOPLISTING scroll of teleportation (36 gold, have
                  | 8).
   111 | D:1      | Reached XP level 2. HP: 17/17 MP: 6/6
   113 | D:1      | Reached skill level 3 in Axes
   155 | D:1      | Found a faded altar of an unknown god.
   247 | D:1      | 247 ||| Stepping ~*~*~tactically~*~*~ (stealth).
   256 | D:1      | 256 ||| Stepping ~*~*~tactically~*~*~ (stealth).
   258 | D:1      | 258 ||| Stepping ~*~*~tactically~*~*~ (stealth).
   261 | D:1      | 261 ||| Stepping ~*~*~tactically~*~*~ (stealth).
   399 | D:1      | 399 ||| Stepping ~*~*~tactically~*~*~ (stealth).
   402 | D:1      | 402 ||| Stepping ~*~*~tactically~*~*~ (stealth).
   586 | D:1      | 586 ||| DROPPING scarf of shadows.
   587 | D:1      | 587 ||| UPGRADING to +0 ring mail.
   597 | D:1      | 597 ||| DROPPING +0 leather armour.
   598 | D:1      | 598 ||| UPGRADING to amulet of reflection.
   603 | D:1      | 603 ||| READING scroll labelled GUEROO ZUTOG.
   604 | D:1      | 604 ||| READING scroll labelled PUSOAFOLLE.
   733 | D:1      | 733 ||| READING scroll labelled ECYNIU LIRGH.
   736 | D:1      | 736 ||| READING scroll labelled FEBYECSIJE.
   737 | D:1      | 737 ||| READING scroll labelled XUKKEC SURI.
   738 | D:1      | 738 ||| READING 2 scrolls labelled TULEF IDUUF.
   739 | D:1      | 739 ||| DRINKING 4 murky dark potions.
   740 | D:1      | 740 ||| DROPPING scroll of blinking.
   741 | D:1      | 741 ||| Stepping randomly (stuck).
   742 | D:1      | 742 ||| Stepping ~*~*~tactically~*~*~ (cloud).
   748 | D:1      | HP: 4/17 [poisoned by you (poison gas)]
  1046 | D:2      | Mangled by a gnoll

Levels and vault maps discovered:
D:1:      shiori_arrival_elements, layout_basic,
          ebering_ecumenical_altar_abandoned, serial_shops, shop
D:2:      layout_basic, st_stairs_6, nicolae_grassy_gnolls

Skill      XL: |  1  2 |
---------------+-------+-----
Axes           | 3 |  3.6
Fighting       | |  2.0
Throwing       | |  1.0
Armour         | |  1.1
Dodging        | |  2.1
Spellcasting   | |  2.0
Translocations | |  2.4

Action                   || total
-------------------------++-------
Melee: Hand axe          ||    36
       Kick              ||    10
       Peck              ||     3
Throw: Boomerang         ||     7
  Use: Scroll            ||     6
       Potion            ||     1
Armor: Leather armour    ||     6
       Ring mail         ||     3
Dodge: Dodged            ||    23
Block: Other             ||     2

Table legend:
 A = Non-vault XP
 B = Vault XP
 C = Vault XP percentage of total XP
 D = Non-vault monster count
 E = Vault monster count
 F = Vault count percentage of total count
                 A         B        C        D         E       F
            +---------+---------+-------+---------+---------+-------
      Total |      29 |       0 |   0.0 |      18 |       0 |   0.0
            +---------+---------+-------+---------+---------+-------
        D:1 |      29 |       0 |   0.0 |      18 |       0 |   0.0
            +---------+---------+-------+---------+---------+-------
